 Dungeon Crawl Stone Soup version 0.26-a0-30-g56b8cd3df0 (webtiles) character file.

Game seed: 279687393568650390, levelgen mode: deterministic

1750 senseless the Fighter (level 8, -1/86 HPs)
             Began as a Minotaur Fighter on May 30, 2020.
             Was an Initiate of Cheibriados.
             Killed from afar by an orc wizard (8 damage)
             ... with a magic dart
             ... on level 7 of the Dungeon.
             The game lasted 00:20:13 (6400 turns).

senseless the Fighter (Minotaur Fighter)            Turns: 6400, Time: 00:20:14

Health: -1/86      AC:  6    Str: 22    XL:     8   Next: 78%
Magic:  7/7        EV:  6    Int: 12    God:    Cheibriados [......]
Gold:   224        SH: 16    Dex: 13    Spells: 7/7 levels left

rFire    + . .     SeeInvis .   a - +0 flail
rCold    . . .     Gourm    .   l - +2 tower shield
rNeg     . . .     Faith    .   C - +1 leather armour {MR+}
rPois    .         Spirit   .   (helmet restricted)
rElec    .         Reflect  .   v - +0 cloak
rCorr    .         Harm     .   (no gloves)
MR       +....                  H - +0 pair of boots
Stlth    +.........             (no amulet)
HPRegen  0.24/turn              s - ring of protection from fire
MPRegen  0.10/turn              q - +6 ring of intelligence

@: lightly drained, very slow
A: retaliatory headbutt, horns 2
a: Bend Time, Renounce Religion


You were on level 7 of the Dungeon.
You worshipped Cheibriados.
Cheibriados was noncommittal.
You were not hungry.

You visited 2 branches of the dungeon, and saw 8 of its levels.

You collected 392 gold pieces.
You spent 168 gold pieces at shops.

Inventory:

Hand Weapons
 a - a +0 flail (weapon)
 m - a +1 battleaxe of flaming
 t - a +4 quarterstaff of chaos
 B - a +1 vorpal dire flail
Armour
 b - a +0 scale mail
 l - a +2 tower shield (worn)
 v - a +0 cloak (worn)
 C - a +1 leather armour of magic resistance (worn)
 F - a +0 plate armour
 H - a +0 pair of boots (worn)
Jewellery
 q - a +6 ring of intelligence (right hand)
 s - a ring of protection from fire (left hand)
Wands
 g - a wand of flame (5)
 y - a wand of acid (6)
 D - a wand of polymorph (5)
Scrolls
 h - 7 scrolls of remove curse
 j - a scroll of magic mapping
 n - 2 scrolls of fog
 o - 8 scrolls of teleportation
 p - 3 scrolls of enchant armour
 r - 2 scrolls of amnesia
 u - a scroll of random uselessness
 z - 3 scrolls of identify
 E - a scroll of noise {unknown}
 G - a scroll of vulnerability {unknown}
 K - a scroll of immolation {unknown}
Potions
 c - a potion of invisibility
 d - a potion of might
 e - a potion of berserk rage
 i - 2 potions of lignification
 k - a potion of haste
 w - 3 potions of curing
 x - a potion of flight
 A - a potion of cancellation {unknown}
 I - a potion of heal wounds {unknown}
Comestibles
 f - 8 rations


   Skills:
 + Level 13.4 Fighting
 - Level 2.4 Maces & Flails
 - Level 3.6 Armour
 - Level 3.6 Shields


You had 7 spell levels left.
You didn't know any spells.
Your spell library was empty.

Dungeon Overview and Level Annotations

Branches:
Dungeon (7/15)             Temple (1/1) D:6

Altars:
Cheibriados
Elyvilon
Gozag
Qazlal
Trog
Vehumet
Wu Jian
Yredelemnul
Zin

Shops:
D:5 **=


Innate Abilities, Weirdness & Mutations

You reflexively headbutt those who attack you in melee.
You have a pair of horns on your head.


Message History

You barely miss the orc wizard. Your headbutt misses the orc wizard.
You block the orc wizard's attack. The orc wizard closely misses you.
You closely miss the orc wizard.
The orc wizard hits you with a +0 dagger.
* * * LOW HITPOINT WARNING * * *
You block the orc wizard's attack.
You barely miss the orc wizard. Your headbutt misses the orc wizard.
You block the orc wizard's attack. x2
You hit the orc wizard but do no damage.
You block the orc wizard's attack.
The orc wizard hits you with a +0 dagger.
* * * LOW HITPOINT WARNING * * *
The orc wizard hits you with a +0 dagger.
* * * LOW HITPOINT WARNING * * *
You hit the orc wizard. Your headbutt misses the orc wizard.
The orc wizard is lightly wounded.
You block the orc wizard's attack. The orc wizard casts a spell at you.
The magic dart hits you!
You die...

.#....#o..#
.#....#...##
.#...>.....#
.#......##o##
.#......##..####
####.#o.###.W..###
.....#.## ####.oW#
.#####.# ###o# ## #.#
###@#### ######.#
#......# ..<....#
#......# .....###
#.)....#
.....#########......#
....................#
....##########......#
....# #..[...# #####
#......#


You could see a hungry ghost, an orc wizard (fast) and an orc.

Vanquished Creatures
  Edmund (D:4)
  An orc warrior (D:7)
  A black bear (D:6)
  2 sky beasts
  2 ogres
  Blork the orc (D:4)
  3 bullfrogs
  4 wights (D:6)
  A howler monkey (D:5)
  A centaur zombie (D:7)
  A hound (D:5)
  Crazy Yiuf (D:2)
  2 orc wizards (D:7)
  An iguana (D:4)
  Natasha (twice) (D:2)
  4 worker ants
  2 hound skeletons (D:4)
  4 gnolls
  12 adders
  2 shadow imps
  3 oozes (D:2)
  An adder skeleton (D:5)
  2 worms
  2 dart slugs
  5 leopard geckos
  22 orcs
  6 bats
  8 giant cockroaches
  11 hobgoblins
  9 jackals
  4 kobolds (D:1)
  A quokka (D:7)
  A ball python (D:7)
  8 frilled lizards
  7 goblins
  3 rats (D:2)
141 creatures vanquished.

Vanquished Creatures (others)
  Menkaure (D:4)
1 creature vanquished.

Grand Total: 142 creatures vanquished

Notes
Turn   | Place    | Note
-------+----------+-------------------------------------------
     0 | D:1      | senseless the Minotaur Fighter began the quest for the Orb.
     0 | D:1      | Reached XP level 1. HP: 19/19 MP: 0/0
    41 | D:1      | Reached skill level 4 in Fighting
    51 | D:1      | Reached XP level 2. HP: 21/28 MP: 1/1
   457 | D:1      | Reached skill level 5 in Fighting
   587 | D:2      | Reached XP level 3. HP: 36/36 MP: 2/2
   826 | D:2      | Reached skill level 6 in Fighting
   826 | D:2      | Reached XP level 4. HP: 44/44 MP: 3/3
  1334 | D:2      | Reached skill level 7 in Fighting
  1334 | D:2      | Reached XP level 5. HP: 52/52 MP: 4/4
  1436 | D:2      | Noticed Natasha
  1458 | D:2      | Killed Natasha
  1613 | D:2      | Found a runed translucent door.
  1614 | D:2      | Noticed Crazy Yiuf
  1690 | D:2      | Killed Crazy Yiuf
  1875 | D:2      | Noticed Natasha
  1881 | D:2      | Killed Natasha
  1996 | D:3      | Reached skill level 8 in Fighting
  2300 | D:3      | Reached XP level 6. HP: 61/61 MP: 5/5
  2488 | D:3      | Found a basalt altar of Yredelemnul.
  2812 | D:4      | Noticed Menkaure
  2821 | D:4      | HP: 1/93 [Menkaure (8)]
  2826 | D:4      | Killed Menkaure
  3181 | D:4      | Reached skill level 9 in Fighting
  3346 | D:4      | Found a radiant altar of Vehumet.
  3622 | D:5      | Entered Level 5 of the Dungeon
  3622 | D:5      | Found Yvucezxoo's Jewellery Shoppe.
  3628 | D:5      | Noticed Blork the orc
  3638 | D:4      | Reached XP level 7. HP: 67/71 MP: 6/6
  3648 | D:4      | Killed Blork the orc
  3648 | D:4      | Reached skill level 10 in Fighting
  3965 | D:5      | Noticed Edmund
  3991 | D:4      | Killed Edmund
  4320 | D:5      | Found Heleff's Elemental Accessories.
  4329 | D:5      | Found Hameocakh's General Store.
  4335 | D:5      | Bought a scroll of identify for 24 gold pieces
  4335 | D:5      | Bought 2 potions of curing for 72 gold pieces
  4335 | D:5      | Bought a scroll of remove curse for 36 gold pieces
  4335 | D:5      | Bought a scroll of teleportation for 36 gold pieces
  4356 | D:5      | Reached skill level 11 in Fighting
  4670 | D:5      | Found an opulent altar of Gozag.
  4949 | D:6      | Reached XP level 8. HP: 82/82 MP: 7/7
  5291 | D:6      | Reached skill level 12 in Fighting
  5892 | D:6      | Found a staircase to the Ecumenical Temple.
  6133 | Temple   | Entered the Ecumenical Temple
  6142 | Temple   | Became a worshipper of Cheibriados the Contemplative
  6362 | D:7      | Reached skill level 13 in Fighting
  6400 | D:7      | Killed from afar by an orc wizard

Illustrated notes

Levels and vault maps discovered:
D:1:      nicolae_arrival_memento_mori, layout_rooms
D:2:      kb_forest_paths, layout_rooms, uniq_sigmund, uniq_crazy_yiuf_cottage,
          uniq_natasha
D:3:      layout_rooms, yredelemnul_altar_generic
D:4:      layout_loops_ring, nicolae_overflow_crystal_walls, uniq_menkaure
D:5:      kennysheep_spiral_hall, layout_rooms, serial_shops, shop_fountains,
          shop, basic_altar, first_ration, nicolae_elemental_shop, uniq_edmund,
          uniq_blork_the_orc
D:6:      layout_basic, minmay_temple_entry_hall
D:7:      layout_rooms
Temple:   compressed_dpeg_circular_temple

Skill      XL: |  1  2  3  4  5  6  7  8 |
---------------+-------------------------+-----
Fighting       | 4 5 6 7 8 9 11 13 | 13.4
Maces & Flails | |  2.4
Armour         | |  3.6
Shields        | |  3.6

Action                   |  1- 3 |  4- 6 |  7- 9 || total
-------------------------+-------+-------+-------++-------
Melee: Flail             |    78 |   227 |   200 ||   505
       Headbutt          |    15 |    41 |    36 ||    92
  Use: Potion            |       |     5 |       ||     5
       Scroll            |       |       |     6 ||     6
  Eat: Chunk             |       |     9 |     7 ||    16
       Ration            |       |       |     2 ||     2
Armor: Scale mail        |    23 |    70 |    19 ||   112
       Skin              |       |     2 |       ||     2
       Leather armour    |       |       |    40 ||    40
Dodge: Dodged            |    22 |    34 |    50 ||   106
Block: Kite shield       |    35 |       |       ||    35
       Tower shield      |    26 |   248 |   236 ||   510

Table legend:
 A = Non-vault XP
 B = Vault XP
 C = Vault XP percentage of total XP
 D = Non-vault monster count
 E = Vault monster count
 F = Vault count percentage of total count
                 A         B        C        D         E       F
            +---------+---------+-------+---------+---------+-------
      Total |    2110 |     390 |  15.6 |     129 |      12 |   8.5
            +---------+---------+-------+---------+---------+-------
        D:1 |      99 |       0 |   0.0 |      26 |       0 |   0.0
        D:2 |     108 |     126 |  53.8 |      21 |       8 |  27.6
        D:3 |      88 |       0 |   0.0 |      19 |       0 |   0.0
        D:4 |     432 |     258 |  37.4 |      24 |       2 |   7.7
        D:5 |     304 |       6 |   1.9 |      18 |       2 |  10.0
        D:6 |     681 |       0 |   0.0 |      10 |       0 |   0.0
        D:7 |     398 |       0 |   0.0 |      11 |       0 |   0.0
            +---------+---------+-------+---------+---------+-------
